 Dungeon Crawl Stone Soup version 0.30.1-3-gfc49f6343a (webtiles) character file.

Game seed: 6920427317186951966

242 Destapler the Sneak (level 6, -16/52 HPs)
             Began as a Naga Air Elementalist on July 22, 2023.
             Demolished by Menkaure (19 damage)
             ... on level 4 of the Dungeon.
             The game lasted 00:25:23 (3987 turns).

Destapler the Sneak (Naga Air Elementalist)         Turns: 3987, Time: 00:25:23

Health: -16/52     AC:  4    Str: 10    XL:     6   Next: 9%
Magic:  9/10       EV: 10    Int: 18    God:
Gold:   140        SH:  0    Dex: 11    Spells: 9/10 levels left

rFire   . . .        a - +2 dagger (speed)
rCold   . . .        (no shield)
rNeg    . . .        j - +1 robe
rPois   +            (no helmet)
rElec   .            (no cloak)
rCorr   .            (no gloves)
SInv    +            (no barding)
Will    .....        p - amulet of magic regeneration
Stlth   +++          (no ring)
HPRegen 0.28/turn    (no ring)
MPRegen 0.52/turn

%: no passive effects
@: about to teleport, flying, very slow
A: AC +2, large, see invisible, deformed body, poison resistance, slowness 2,
spit poison 1, naga tail 1
a: Spit Poison


You were on level 4 of the Dungeon.
You visited 1 branch of the dungeon, and saw 4 of its levels.

You collected 140 gold pieces.

Inventory:

Hand Weapons
 a - a +2 dagger of speed (weapon)
Armour
 j - a +1 robe (worn)
Jewellery
 p - an amulet of magic regeneration (around neck)
Wands
 o - a wand of mindburst (10)
 q - a wand of flame (29)
Scrolls
 e - a scroll of fear {unknown}
 i - a scroll of identify
Potions
 b - a potion of magic
 d - 3 potions of mutation
 f - 3 potions of flight
 g - a potion of attraction {unknown}
 n - 3 potions of curing {unknown}
 r - a potion of ambrosia {unknown}


   Skills:
 + Level 1.8 Fighting
 + Level 1.4 Short Blades
 + Level 0.7 Armour
 - Level 2.0 Dodging
 + Level 4.7 Stealth
 + Level 2.7 Spellcasting
 + Level 2.3 Conjurations
 + Level 3.7 Air Magic
 + Level 1.0 Evocations


You had 9 spell levels left.
You knew the following spells:

 Your Spells              Type           Power      Damage    Failure   Level
a - Shock                 Conj/Air       52%        1d6       4%          1

Your spell library contained the following spells:

 Spells                   Type           Power      Damage    Failure   Level
 Static Discharge         Conj/Air       26%        2-4/arc   8%          2
 Swiftness                Air            15%        N/A       11%         3
 Vhi's Electric Charge    Tloc/Air       18%        N/A       24%         3
 Dazzling Flash           Conj/Hex       12%        N/A       30%         3
 Airstrike                Air            7%         2d(2-18)  36%         4
 Gell's Gravitas          Tloc           2%         N/A       45%         3
 Portal Projectile        Hex/Tloc       4%         N/A       45%         3
 Volatile Blastmotes      Fire/Tloc      4%         2d10      45%         3
 Iskenderun's Mystic Bla  Conj/Tloc      6%         2d4       71%         4
 Starburst                Conj/Fire      3%         6d3       100%        6


Dungeon Overview and Level Annotations

Branches:
Dungeon (4/15)
 Temple: D:4-7

Altars:
Kikubaaqudgha

Shops:
D:3 ?*

Annotations:
D:3 1 runed translucent door, ANNNA's ghost, amateur MiBe
D:4 Menkaure


Innate Abilities, Weirdness & Mutations

Your serpentine skin is tough. (AC +2)
You have supernaturally acute eyesight. (SInv)
Armour fits poorly on your strangely shaped body.
Your system is resistant to poisons. (rPois)
You cover ground very slowly.
You can spit poison.
You have a snake-like lower body.


Message History

You hear a shout! x4
Menkaure barely misses you.
Okay, then.
Aiming: Mindburst
Press: ? - help, Shift-Dir - straight line, f - Menkaure
Aim: Menkaure (moderately damaged, fast, chance to affect: 69%) Menkaure struggles to resist.
You have got your breath back.
An orc comes into view.
It is wielding a +1 short sword of draining.
Menkaure hits you!
* * * LOW HITPOINT WARNING * * *
You feel much better. Menkaure hits you!!
* * * LOW HITPOINT WARNING * * *
Casting: Shock (safe; 4% risk of failure)
Confirm with . or Enter, or press ? or * to list all spells.
Aiming: Shock (safe; 4% risk of failure)
Press: ? - help, Shift-Dir - straight line, p - Menkaure The zap hits Menkaure.
Menkaure is heavily damaged.
The zap hits Menkaure but does no damage.
Menkaure is heavily damaged.
Menkaure barely misses you.
Casting: Shock (safe; 4% risk of failure)
Confirm with . or Enter, or press ? or * to list all spells.
Aiming: Shock (safe; 4% risk of failure)
Press: ? - help, Shift-Dir - straight line The zap misses Menkaure.
The zap hits the orc.
The orc is severely wounded.
The zap hits the orc but does no damage.
The orc is severely wounded.
The zap hits Menkaure.
Menkaure is heavily damaged.
Menkaure misses you.
Menkaure sighs, "It doesn't hurt if you pull your brain out of your nose yourself."
Menkaure points at you and mumbles some strange words.
Pain shoots through your body!
* * * LOW HITPOINT WARNING * * *
As you read the scroll of teleportation, it crumbles to dust.
You feel strangely unstable. Menkaure hits you!!
You die...

..#...####...>.##
##.# #....
####..## #####..#
#..# #####
#.<....#
##.######.##
#......#
#....##..###
#......#
####.......# ###
#......#
##..###.### #..
###.#.## # #.##
#...####.# .#.#
#.####.#
###......# .. .
#..@Mo.# ########
.. .. #####o.#
##....# ..##..#
..## .... ..# ##)
.## o# ##


You could see Menkaure (fast), an orc wizard and an orc.

Vanquished Creatures
  2 jellies (D:4)
  Ijyb (D:4)
  Natasha (D:4)
  2 gnolls (D:4)
  4 adders
  2 worms
  2 dart slugs
  2 orcs
  6 ball pythons
  3 endoplasms
  5 giant cockroaches
  8 goblins
  5 hobgoblins
  3 jackals (D:2)
  4 quokkas
  4 bats
  4 frilled lizards
  5 kobolds
  4 rats
67 creatures vanquished.

Vanquished Creatures (others)
  An adder (D:3)
1 creature vanquished.

Grand Total: 68 creatures vanquished

Notes
Turn   | Place    | Note
-------+----------+-------------------------------------------
     0 | D:1      | Destapler the Naga Air Elementalist began the quest for the
                  | Orb.
     0 | D:1      | Reached XP level 1. HP: 15/15 MP: 3/3
   331 | D:1      | Reached XP level 2. HP: 24/24 MP: 5/5
  1477 | D:2      | Reached XP level 3. HP: 30/30 MP: 1/6
  1789 | D:2      | Found an ancient bone altar of Kikubaaqudgha.
  1838 | D:2      | Reached skill level 1 in Fighting
  1842 | D:2      | Reached skill level 4 in Stealth
  1842 | D:2      | Reached XP level 4. HP: 38/38 MP: 3/7
  2525 | D:3      | Got the Dissertation on the Map
  2710 | D:3      | Found Siokuoce's General Store.
  2755 | D:3      | Identified the +9 ring mail of the Immovable Ghosts {Drain
                  | rC+ Int+3}
  2970 | D:3      | Found a runed translucent door.
  2970 | D:3      | Noticed ANNNA's ghost (amateur MiBe)
  3286 | D:3      | Found Yguutag's Magic Scroll Shop.
  3650 | D:4      | Reached XP level 5. HP: 44/44 MP: 6/8
  3703 | D:4      | Noticed Ijyb
  3715 | D:4      | Killed Ijyb
  3716 | D:4      | Reached skill level 1 in Short Blades
  3856 | D:4      | Reached skill level 1 in Evocations
  3856 | D:4      | Reached XP level 6. HP: 52/52 MP: 8/10
  3969 | D:4      | Noticed Natasha
  3970 | D:4      | Noticed Menkaure
  3979 | D:4      | Killed Natasha
  3979 | D:4      | HP: 2/52 [Menkaure/nerve-wracking pain (9)]
  3986 | D:4      | HP: 2/52 [Menkaure/nerve-wracking pain (2)]
  3987 | D:4      | Demolished by Menkaure

Illustrated notes

Levels and vault maps discovered:
D:1:      psy_arrival_dodecagon, layout_basic, serial_forest,
          infiniplex_forest_fountain, infiniplex_forest_clump_small,
          infiniplex_forest_clump_diagonal, infiniplex_forest_pool
D:2:      layout_loops_ring, basic_altar, minmay_misc_feat_alley
D:3:      layout_basic, serial_shops, nicolae_diamond_shop,
          nicolae_shop_rolled_up, gammafunk_ghost_grave,
          mrwooster_statue_mirror, lemuel_flame_loot_1
D:4:      layout_rooms, uniq_ijyb, uniq_menkaure, uniq_natasha

Skill      XL: |  1  2  3  4  5 |
---------------+----------------+-----
Fighting       | 1 |  1.8
Dodging        | 2 |  2.0
Stealth        | 4 |  4.7
Conjurations   | 2 |  2.3
Short Blades   | 1 |  1.4
Evocations     | 1 |  1.0
Armour         | |  0.7
Spellcasting   | |  2.7
Air Magic      | |  3.7

Action                     |  1- 3 |  4- 6 || total
---------------------------+-------+-------++-------
  Melee: Whip              |    28 |     3 ||    31
         Short sword       |       |     5 ||     5
         Dagger            |       |     6 ||     6
   Cast: Shock             |    47 |    62 ||   109
Ability: Spit Poison       |    22 |    23 ||    45
  Evoke: Wand              |       |     2 ||     2
    Use: Scroll            |       |     9 ||     9
         Potion            |       |     4 ||     4
   Stab: Sleeping          |     2 |     4 ||     6
 Armour: Robe              |     8 |     8 ||    16
  Dodge: Dodged            |    13 |    19 ||    32
